APP
GRAND JUNCTION ROCKIES @ BILLINGS MUSTANGS
06/29/2044
 
TOP OF THE 1ST
Grand Junction Rockies batting - Pitching for Billings Mustangs : RHP Victor Uriegas
Pitching: RHP Victor Uriegas
Batting: RHB Juan Figueroa 0-0: Swinging Strike
0-1: Swinging Strike
0-2: Ball
1-2: SINGLE (Groundball, 34D, EV 111.9 MPH)
Batting: RHB Henry Alvizo 0-0: Ball
1-0: Ball
Juan Figueroa steals 2nd, throwing error, E2
Juan Figueroa to third
2-0: Called Strike
2-1: Ball
3-1: Base on Balls
Batting: RHB John Boyer 0-0: Foul Ball, location: 2F
0-1: Ball
1-1: Called Strike
Henry Alvizo steals 2nd base
1-2: Ball
2-2: Foul Ball, location: 2F
2-2: Ball
Wild Pitch!
Juan Figueroa scores
Henry Alvizo to third
3-2: Foul Ball, location: 2F
3-2: Reached on error, E5 (Groundball, 56S, EV 84.4 MPH)
Henry Alvizo scores
Batting: LHB Zack Guillen 0-0: Ball
1-0: Ball
2-0: Ball
3-0: Called Strike
3-1: Base on Balls
John Boyer to second
Batting: LHB Chris Salim 0-0: Foul Ball, location: 2F
0-1: Ball
1-1: Swinging Strike
1-2: Foul Ball, location: 2F
1-2: Ball
2-2: 3-RUN HOME RUN (Flyball, 7D, EV 93.1 MPH), Distance : 366 ft
Batting: LHB Luke Coulter 0-0: Ball
1-0: Ball
2-0: Fly out, F6 (Popup, 6M, EV 56.9 MPH)
Batting: RHB Willis Morales 0-0: Ball
1-0: Reached on error, E5 (Groundball, 56, EV 109.4 MPH)
Batting: LHB Michael Krott 0-0: Ball
1-0: Ball
2-0: Fly out, F9 (Flyball, 9, EV 91.9 MPH)
Batting: RHB Keith Giarratano 0-0: Called Strike
0-1: 2-RUN HOME RUN (Line Drive, 7LD, EV 95.0 MPH), Distance : 350 ft
Batting: RHB Juan Figueroa 0-0: Ground out 4-3 (Groundball, 4, EV 85.6 MPH)
Top of the 1st over - 7 runs, 3 hits, 3 errors, 0 left on base; Grand Junction 7 - Billings 0
BOTTOM OF THE 1ST
Billings Mustangs batting - Pitching for Grand Junction Rockies : RHP Don Boudreau
Pitching: RHP Don Boudreau
Batting: RHB Nick Miller 0-0: Ball
1-0: Ball
2-0: Foul Ball, location: 2F
2-1: Ball
3-1: Base on Balls
Batting: LHB Matthew Berry 0-0: Called Strike
0-1: Foul Ball, location: 2F
0-2: Ball
1-2: Ball
2-2: Ball
3-2: 2-RUN HOME RUN (Flyball, 9D, EV 108.1 MPH), Distance : 389 ft
Batting: LHB David Moore 0-0: Ball
1-0: Ball
2-0: Ball
3-0: Called Strike
3-1: Base on Balls
Batting: LHB Jon Goddard 0-0: Fielders Choice at 2nd, 2-4 (Groundball, 2L, EV 68.8 MPH)
Batting: RHB Jon Monteith 0-0: Swinging Strike
0-1: Foul Ball, location: 2F
0-2: Ball
1-2: SINGLE (Line Drive, 9LS, EV 105.0 MPH)
Jon Goddard to second
Batting: RHB Jay Jacobson 0-0: Called Strike
0-1: Ball
1-1: Foul Ball, location: 2F
1-2: Strikes out looking
Batting: RHB Jonathan Robies 0-0: Fly out, F8 (Flyball, 8LD, EV 91.2 MPH)
Bottom of the 1st over - 2 runs, 2 hits, 0 errors, 2 left on base; Grand Junction 7 - Billings 2
TOP OF THE 2ND
Grand Junction Rockies batting - Pitching for Billings Mustangs : RHP Victor Uriegas
Batting: RHB Henry Alvizo 0-0: Called Strike
0-1: Called Strike
0-2: Foul Ball, location: 2F
0-2: Ball
1-2: Foul Ball, location: 2F
1-2: Strikes out looking
Batting: RHB John Boyer 0-0: Foul Ball, location: 2F
0-1: Fly out, F8 (Flyball, 8LS, EV 86.2 MPH)
Batting: LHB Zack Guillen 0-0: Called Strike
0-1: Ball
1-1: Foul Ball, location: 2F
1-2: Ground out 4-3 (Groundball, 4, EV 102.5 MPH)
Top of the 2nd over - 0 runs, 0 hits, 0 errors, 0 left on base; Grand Junction 7 - Billings 2
BOTTOM OF THE 2ND
Billings Mustangs batting - Pitching for Grand Junction Rockies : RHP Don Boudreau
Batting: RHB Yutaka Sato 0-0: SINGLE (Groundball, 6MD, EV 108.1 MPH)
Batting: RHB Mark Ortner 0-0: Ball
1-0: Ball
2-0: Fielders Choice at 2nd, 5-4 (Groundball, 5, EV 85.0 MPH)
Batting: RHB Nick Miller 0-0: Foul Ball, location: 2F
0-1: Ball
1-1: Swinging Strike
1-2: Strikes out swinging
Pitching: RHP Jim Micaletti
Batting: LHB Matthew Berry 0-0: Called Strike
0-1: Ball
1-1: Foul Ball, location: 2F
1-2: Ball
2-2: Ball
3-2: Foul Ball, location: 2F
3-2: Base on Balls
Mark Ortner to second
Batting: LHB David Moore 0-0: Called Strike
0-1: Ball
1-1: Ball
2-1: 3-RUN HOME RUN (Flyball, 89XD, EV 101.9 MPH), Distance : 401 ft
Batting: LHB Jon Goddard 0-0: Ball
1-0: Called Strike
1-1: Foul Ball, location: 2F
1-2: Ball
2-2: SINGLE (Groundball, 4MD, EV 95.6 MPH)
Batting: RHB Jon Monteith 0-0: Foul Ball, location: 2F
0-1: Foul Ball, location: 2F
0-2: Ball
1-2: Fly out, F4 (Flyball, 4D, EV 91.9 MPH)
Bottom of the 2nd over - 3 runs, 3 hits, 0 errors, 1 left on base; Grand Junction 7 - Billings 5
TOP OF THE 3RD
Grand Junction Rockies batting - Pitching for Billings Mustangs : RHP Victor Uriegas
Pitching: RHP Jaime Kijowski
Batting: LHB Chris Salim 0-0: Foul Ball, location: 2F
0-1: Ball
1-1: Foul Ball, location: 2F
1-2: Ball
2-2: SINGLE (Groundball, 13, EV 82.5 MPH) (infield hit)
Batting: LHB Luke Coulter 0-0: Ball
1-0: Ball
2-0: SINGLE (Flyball, 34D, EV 97.5 MPH)
Chris Salim to second
Batting: RHB Willis Morales 0-0: Called Strike
0-1: Fielders Choice at 2nd, 5-4 (Groundball, 5, EV 83.1 MPH)
Chris Salim to third
Batting: LHB Michael Krott 0-0: Called Strike
0-1: Called Strike
0-2: Strikes out swinging
Batting: RHB Keith Giarratano 0-0: Ball
1-0: Called Strike
1-1: Swinging Strike
1-2: Ball
Willis Morales steals 2nd base
2-2: Ball
3-2: Foul Ball, location: 2F
3-2: Foul Ball, location: 2F
3-2: Strikes out looking
Top of the 3rd over - 0 runs, 2 hits, 0 errors, 2 left on base; Grand Junction 7 - Billings 5
BOTTOM OF THE 3RD
Billings Mustangs batting - Pitching for Grand Junction Rockies : RHP Jim Micaletti
Batting: RHB Jay Jacobson 0-0: Ball
1-0: Foul Ball, location: 2F
1-1: Ball
2-1: Ball
3-1: Called Strike
3-2: Ground out 3-1 (Groundball, 34, EV 91.2 MPH)
Batting: RHB Jonathan Robies 0-0: Ball
1-0: Foul Ball, location: 2F
1-1: Ball
2-1: Ball
3-1: Called Strike
3-2: Foul Ball, location: 2F
3-2: Base on Balls
Batting: RHB Yutaka Sato 0-0: Foul Ball, location: 2F
0-1: Ball
1-1: SINGLE (Line Drive, 34D, EV 98.8 MPH)
Jonathan Robies to second
Runner from 2nd tries for 3rd, OUT! 9-5
Batting: RHB Mark Ortner 0-0: Ball
1-0: Foul Ball, location: 2F
1-1: Ball
2-1: Called Strike
2-2: Strikes out looking
Bottom of the 3rd over - 0 runs, 1 hit, 0 errors, 1 left on base; Grand Junction 7 - Billings 5
TOP OF THE 4TH
Grand Junction Rockies batting - Pitching for Billings Mustangs : RHP Jaime Kijowski
Pitching: RHP George Sanchez
Batting: RHB Juan Figueroa 0-0: Called Strike
0-1: Swinging Strike
0-2: Foul Ball, location: 2F
0-2: Ball
1-2: Foul Ball, location: 2F
1-2: Ball
2-2: Ground out 6-3 (Groundball, 56, EV 76.9 MPH)
Batting: RHB Henry Alvizo 0-0: DOUBLE (Flyball, 78D, EV 108.8 MPH)
Batting: RHB John Boyer 0-0: Ball
1-0: Ball
2-0: Called Strike
2-1: Swinging Strike
2-2: SINGLE (Groundball, 56D, EV 96.2 MPH)
Henry Alvizo to third
Runner from 3rd tries for Home, SAFE, throw by LF to home
Pitching: RHP Vladislav Prochazka
Batting: LHB Zack Guillen 0-0: Called Strike
0-1: Ball
Wild Pitch!
John Boyer to second
1-1: Foul Ball, location: 2F
1-2: Foul Ball, location: 2F
1-2: Ball
2-2: Foul Ball, location: 2F
2-2: Ball
3-2: Ground out 6-3 (Groundball, 6, EV 102.5 MPH)
Batting: LHB Chris Salim 0-0: Called Strike
0-1: Swinging Strike
0-2: Ball
1-2: Ball
2-2: 2-RUN HOME RUN (Flyball, 9D, EV 95.6 MPH), Distance : 377 ft
Batting: LHB Luke Coulter 0-0: SINGLE (Groundball, 56, EV 98.8 MPH)
Batting: RHB Willis Morales 0-0: Called Strike
0-1: Called Strike
0-2: Ball
Luke Coulter is caught stealing 2nd base 2-4
Top of the 4th over - 3 runs, 4 hits, 0 errors, 0 left on base; Grand Junction 10 - Billings 5
BOTTOM OF THE 4TH
Billings Mustangs batting - Pitching for Grand Junction Rockies : RHP Jim Micaletti
Batting: RHB Nick Miller 0-0: Ball
1-0: Swinging Strike
1-1: Ball
2-1: Ball
3-1: SINGLE (Groundball, 56D, EV 103.1 MPH)
Batting: LHB Matthew Berry 0-0: Ball
1-0: Ball
2-0: Foul Ball, location: 2F
2-1: Foul Ball, location: 2F
2-2: Foul Ball, location: 2F
2-2: Ball
3-2: SINGLE (Groundball, 6MD, EV 100.6 MPH)
Nick Miller to second
Nick Miller to third
Batting: LHB David Moore 0-0: Ball
1-0: Foul Ball, location: 2F
1-1: Swinging Strike
1-2: Foul Ball, location: 2F
1-2: Ball
2-2: Ball
3-2: Foul Ball, location: 2F
3-2: Base on Balls
Matthew Berry to second
Pitching: RHP Andy Rayer
Batting: LHB Jon Goddard 0-0: Ball
Wild Pitch!
Nick Miller scores
Matthew Berry to third
David Moore to second
1-0: Called Strike
1-1: Foul Ball, location: 2F
1-2: Fly out, F8 (Flyball, 8LD, EV 93.1 MPH)
Runner from 3rd tags up, OUT at HOME! 8-2
David Moore to third
Batting: RHB Jon Monteith 0-0: Foul Ball, location: 2F
0-1: Swinging Strike
0-2: Foul Ball, location: 2F
0-2: Strikes out swinging
Bottom of the 4th over - 1 run, 2 hits, 0 errors, 1 left on base; Grand Junction 10 - Billings 6
TOP OF THE 5TH
Grand Junction Rockies batting - Pitching for Billings Mustangs : RHP Vladislav Prochazka
Batting: RHB Willis Morales 0-0: Called Strike
0-1: Called Strike
0-2: SINGLE (Line Drive, 89S, EV 92.5 MPH)
Pitching: LHP Paul Fuller
Batting: LHB Michael Krott 0-0: Ball
1-0: Ball
2-0: Called Strike
2-1: Fly out, F8 (Flyball, 8LXD, EV 98.8 MPH)
Batting: RHB Keith Giarratano 0-0: Ball
1-0: Called Strike
1-1: Ball
2-1: Foul Ball, location: 2F
2-2: Ball
3-2: 2-RUN HOME RUN (Flyball, 7LD, EV 94.4 MPH), Distance : 348 ft
Batting: RHB Juan Figueroa 0-0: Foul Ball, location: 2F
0-1: Ball
1-1: Ball
2-1: Ball
3-1: Called Strike
3-2: SINGLE (Groundball, 34S, EV 70.0 MPH) (infield hit)
Batting: RHB Henry Alvizo 0-0: SINGLE (Flyball, 4D, EV 88.1 MPH)
Juan Figueroa to second
Batting: RHB John Boyer 0-0: SINGLE (Groundball, 56D, EV 103.1 MPH)
Juan Figueroa to third
Henry Alvizo to second
Runner from 3rd tries for Home, SAFE, throw by LF to trailing runner, SAFE at third!
Batting: LHB Zack Guillen Pickoff Throw to First - Out! 1-3
0-0: Foul Ball, location: 2F
0-1: Ball
1-1: SINGLE (Line Drive, 6D, EV 106.2 MPH)
Henry Alvizo scores
Batting: LHB Chris Salim 0-0: Ball
1-0: Ball
2-0: Ball
3-0: Called Strike
3-1: Called Strike
3-2: Fly out, F8 (Line Drive, 8RD, EV 87.5 MPH)
Top of the 5th over - 4 runs, 6 hits, 0 errors, 1 left on base; Grand Junction 14 - Billings 6
BOTTOM OF THE 5TH
Billings Mustangs batting - Pitching for Grand Junction Rockies : RHP Andy Rayer
Batting: RHB Jay Jacobson 0-0: Ball
1-0: Foul Ball, location: 2F
1-1: Fly out, F5 (Popup, 25, EV 89.4 MPH)
Batting: RHB Jonathan Robies 0-0: Ball
1-0: Ball
2-0: Called Strike
2-1: Foul Ball, location: 2F
2-2: Fly out, F7 (Flyball, 7, EV 78.1 MPH)
Batting: RHB Yutaka Sato 0-0: Ground out 3-1 (Groundball, 34, EV 80.0 MPH)
Bottom of the 5th over - 0 runs, 0 hits, 0 errors, 0 left on base; Grand Junction 14 - Billings 6
TOP OF THE 6TH
Grand Junction Rockies batting - Pitching for Billings Mustangs : LHP Paul Fuller
Batting: LHB Luke Coulter 0-0: Ball
1-0: DOUBLE (Groundball, 3L, EV 98.1 MPH)
Batting: RHB Willis Morales 0-0: Called Strike
0-1: DOUBLE (Flyball, 78D, EV 94.4 MPH)
Luke Coulter scores
Batting: LHB Michael Krott 0-0: Fly out, F9 (Flyball, 9LM, EV 89.4 MPH)
Batting: RHB Keith Giarratano 0-0: Foul Ball, location: 2F
0-1: Ball
1-1: Foul Ball, location: 2F
1-2: Ball
2-2: Foul Ball, location: 2F
2-2: Ball
3-2: DOUBLE (Flyball, 8RXD, EV 95.0 MPH)
Willis Morales scores
Pitching: RHP Matt Johnson
Batting: RHB Juan Figueroa 0-0: Ball
1-0: Ball
2-0: Ground out 4-3 (Groundball, 4, EV 83.1 MPH)
Keith Giarratano to third
Batting: RHB Henry Alvizo 0-0: Ball
1-0: Ball
2-0: Foul Ball, location: 2F
2-1: Ground out 4-3 (Groundball, 4, EV 94.4 MPH)
Top of the 6th over - 2 runs, 3 hits, 0 errors, 1 left on base; Grand Junction 16 - Billings 6
BOTTOM OF THE 6TH
Billings Mustangs batting - Pitching for Grand Junction Rockies : RHP Andy Rayer
Batting: RHB Mark Ortner 0-0: Called Strike
0-1: Swinging Strike
0-2: SINGLE (Groundball, 3D, EV 108.1 MPH)
Batting: RHB Nick Miller 0-0: Called Strike
0-1: Ball
1-1: Fly out, F8 (Flyball, 8RXD, EV 103.8 MPH)
Batting: LHB Matthew Berry 0-0: Ball
Wild Pitch!
Mark Ortner to second
1-0: Ball
2-0: Ball
3-0: Called Strike
3-1: Base on Balls
Batting: LHB David Moore 0-0: Ball
1-0: 3-RUN HOME RUN (Flyball, 9D, EV 103.1 MPH), Distance : 378 ft
Batting: LHB Jon Goddard 0-0: Ball
1-0: Ground out 5-3 (Groundball, 56, EV 86.9 MPH)
Batting: RHB Jon Monteith 0-0: Called Strike
0-1: SINGLE (Groundball, 6MD, EV 99.4 MPH)
Batting: RHB Jay Jacobson 0-0: Called Strike
0-1: Hit by Pitch
Jon Monteith to second
Batting: RHB Jonathan Robies 0-0: Swinging Strike
0-1: Called Strike
0-2: Foul Ball, location: 2F
0-2: Ground out 5-3 (Groundball, 56S, EV 88.1 MPH)
Bottom of the 6th over - 3 runs, 3 hits, 0 errors, 2 left on base; Grand Junction 16 - Billings 9
TOP OF THE 7TH
Grand Junction Rockies batting - Pitching for Billings Mustangs : RHP Matt Johnson
Pinch Hitting: RHB Doug D'Onofrio 0-0: DOUBLE (Flyball, 8LXD, EV 98.1 MPH)
Batting: LHB Zack Guillen 0-0: Called Strike
0-1: Ball
1-1: DOUBLE (Flyball, 7LD, EV 115.6 MPH)
Doug D'Onofrio scores
Pinch Hitting: RHB Yamashita Yagi 0-0: Foul Ball, location: 2F
0-1: Ball
1-1: SINGLE (Groundball, 6S, EV 67.5 MPH) (infield hit)
Zack Guillen to third
Pinch Hitting: RHB Bryce Hickman 0-0: Foul Ball, location: 2F
0-1: Foul Ball, location: 2F
0-2: Ball
1-2: Ball
2-2: Ball
3-2: Foul Ball, location: 2F
3-2: Strikes out swinging
Batting: RHB Willis Morales 0-0: Ball
1-0: Called Strike
1-1: Foul Ball, location: 2F
1-2: Fielders Choice at 2nd, 5-4 (Groundball, 25, EV 90.6 MPH)
Zack Guillen scores
Batting: LHB Michael Krott 0-0: Ball
1-0: Called Strike
1-1: Called Strike
1-2: Ball
2-2: Strikes out swinging, 2-3 out at first.
Top of the 7th over - 2 runs, 3 hits, 0 errors, 1 left on base; Grand Junction 18 - Billings 9
BOTTOM OF THE 7TH
Billings Mustangs batting - Pitching for Grand Junction Rockies : RHP Andy Rayer
Now at 1B: Yamashita Yagi
Now at 2B: Doug D'Onofrio
Now at 3B: Henry Alvizo
Now in LF: Chris Osting
Batting: RHB Yutaka Sato 0-0: Ball
1-0: Ball
2-0: SINGLE (Groundball, 6D, EV 101.2 MPH)
Batting: RHB Mark Ortner 0-0: Foul Ball, location: 2F
0-1: Fly out, F7 (Flyball, 7D, EV 84.4 MPH)
Batting: RHB Nick Miller 0-0: Ball
1-0: Called Strike
1-1: Ball
2-1: Called Strike
2-2: Ball
3-2: DOUBLE (Line Drive, 7LM, EV 109.4 MPH)
Yutaka Sato to third
Batting: LHB Matthew Berry 0-0: Ball
1-0: Ball
2-0: Ball
3-0: Base on Balls
Batting: LHB David Moore 0-0: Called Strike
0-1: Ball
1-1: Swinging Strike
1-2: Ball
2-2: Foul Ball, location: 2F
2-2: Foul Ball, location: 2F
2-2: Foul Ball, location: 2F
2-2: Ball
Wild Pitch!
Yutaka Sato scores
Nick Miller to third
Matthew Berry to second
3-2: Base on Balls
Pitching: RHP Jeff Sorrels
Batting: LHB Jon Goddard 0-0: Ball
1-0: Ball
2-0: SINGLE (Groundball, 4D, EV 95.6 MPH)
Nick Miller scores
Matthew Berry to third
David Moore to second
Batting: RHB Jon Monteith 0-0: Called Strike
0-1: Foul Ball, location: 2F
0-2: Ball
Wild Pitch!
Matthew Berry scores
David Moore to third
Jon Goddard to second
1-2: Hit by Pitch
Batting: RHB Jay Jacobson 0-0: SINGLE (Line Drive, 8LS, EV 92.5 MPH)
David Moore scores
Jon Goddard to third
Jon Monteith to second
Runner from 3rd tries for Home, throw by CF and OUT! 8-2
Batting: RHB Jonathan Robies 0-0: Ball
1-0: Ball
2-0: Called Strike
2-1: Fielders Choice at 2nd, 5-4 (Groundball, 56, EV 91.9 MPH)
Bottom of the 7th over - 4 runs, 4 hits, 0 errors, 2 left on base; Grand Junction 18 - Billings 13
TOP OF THE 8TH
Grand Junction Rockies batting - Pitching for Billings Mustangs : RHP Matt Johnson
Batting: RHB Keith Giarratano 0-0: Ball
1-0: Called Strike
1-1: Foul Ball, location: 2F
1-2: Strikes out looking
Batting: RHB Juan Figueroa 0-0: Called Strike
0-1: Ball
1-1: Ball
2-1: Ball
3-1: Base on Balls
Batting: RHB Henry Alvizo 0-0: Ball
1-0: Called Strike
Juan Figueroa is caught stealing 2nd base 2-4
1-1: SINGLE (Groundball, 5S, EV 67.5 MPH) (infield hit)
Batting: RHB Doug D'Onofrio 0-0: Called Strike
0-1: Ball
1-1: Called Strike
1-2: Strikes out swinging
Top of the 8th over - 0 runs, 1 hit, 0 errors, 1 left on base; Grand Junction 18 - Billings 13
BOTTOM OF THE 8TH
Billings Mustangs batting - Pitching for Grand Junction Rockies : RHP Jeff Sorrels
Batting: RHB Yutaka Sato 0-0: Ball
1-0: Called Strike
1-1: Ground out 4-3 (Groundball, 4M, EV 89.4 MPH)
Batting: RHB Mark Ortner 0-0: Ball
1-0: Called Strike
1-1: Ball
2-1: Foul Ball, location: 2F
2-2: Foul Ball, location: 2F
2-2: Foul Ball, location: 2F
2-2: Ball
3-2: Base on Balls
Batting: RHB Nick Miller 0-0: Ball
1-0: Ball
2-0: Fielders Choice at 2nd, 3-6 (Groundball, 3, EV 87.5 MPH)
Batting: LHB Matthew Berry 0-0: Ball
1-0: Ball
2-0: Ball
Wild Pitch!
Nick Miller to second
3-0: Called Strike
3-1: 2-RUN HOME RUN (Flyball, 78XD, EV 107.5 MPH), Distance : 408 ft
Batting: LHB David Moore 0-0: SOLO HOME RUN (Flyball, 89XD, EV 103.8 MPH), Distance : 397 ft
Batting: LHB Jon Goddard 0-0: Ball
1-0: Ball
2-0: Called Strike
2-1: Ball
3-1: Ground out 6-3 (Groundball, 6, EV 88.1 MPH)
Bottom of the 8th over - 3 runs, 2 hits, 0 errors, 0 left on base; Grand Junction 18 - Billings 16
TOP OF THE 9TH
Grand Junction Rockies batting - Pitching for Billings Mustangs : RHP Matt Johnson
Batting: LHB Zack Guillen 0-0: Ball
1-0: Foul Ball, location: 2F
1-1: DOUBLE (Line Drive, 89M, EV 108.1 MPH)
Batting: RHB Yamashita Yagi 0-0: Ball
1-0: Swinging Strike
1-1: Ball
2-1: Called Strike
2-2: Foul Ball, location: 2F
2-2: Ball
3-2: Base on Balls
Batting: RHB Chris Osting 0-0: Swinging Strike
0-1: Ball
1-1: SINGLE (Flyball, 89D, EV 100.6 MPH)
Zack Guillen to third
Yamashita Yagi to second
Batting: RHB Willis Morales 0-0: Ball
1-0: Ball
2-0: SINGLE (Flyball, 9LS, EV 88.1 MPH)
Zack Guillen scores
Yamashita Yagi to third
Chris Osting to second
Pitching: RHP William Matthews
Batting: LHB Michael Krott 0-0: Fly out, F7 (Flyball, 7LM, EV 102.5 MPH)
Runner from 3rd tags up, OUT at HOME! 7-2
Chris Osting to third
Willis Morales to second
Batting: RHB Keith Giarratano 0-0: Ball
1-0: Ball
Wild Pitch!
Chris Osting scores
Willis Morales to third
2-0: Called Strike
2-1: Ball
3-1: Foul Ball, location: 2F
3-2: Base on Balls
Batting: RHB Juan Figueroa 0-0: Swinging Strike
0-1: Ball
1-1: Called Strike
1-2: SINGLE (Groundball, 4, EV 95.0 MPH)
Willis Morales scores
Keith Giarratano to second
Runner from 2nd tries for 3rd, SAFE, throw by CF made to third
Juan Figueroa to second
Batting: RHB Henry Alvizo 0-0: Called Strike
0-1: Ball
1-1: Ball
2-1: Fly out, F8 (Flyball, 89M, EV 90.6 MPH)
Top of the 9th over - 3 runs, 4 hits, 0 errors, 2 left on base; Grand Junction 21 - Billings 16
BOTTOM OF THE 9TH
Billings Mustangs batting - Pitching for Grand Junction Rockies : RHP Jeff Sorrels
Batting: RHB Jon Monteith 0-0: Fly out, F9 (Flyball, 9LD, EV 106.9 MPH)
Batting: RHB Jay Jacobson 0-0: Called Strike
0-1: Ball
1-1: Ball
2-1: Called Strike
2-2: SINGLE (Line Drive, 4M, EV 96.9 MPH)
Batting: RHB Jonathan Robies 0-0: Ball
1-0: Ball
2-0: Ground out 4-3 (Groundball, 34, EV 107.5 MPH)
Jay Jacobson to second
Batting: RHB Yutaka Sato 0-0: Ball
1-0: Ball
2-0: Ball
3-0: Base on Balls
Batting: RHB Mark Ortner 0-0: Ball
1-0: Ball
2-0: Fielders Choice at 2nd, 5-4 (Groundball, 5, EV 90.0 MPH)
Bottom of the 9th over - 0 runs, 1 hit, 0 errors, 2 left on base; Grand Junction 21 - Billings 16
Thursday, March 31st , 2022 - OOTP Baseball 22.12 Build 89